 Dungeon Sprint DCSS version 0.29-a0-813-g4a14ea37d6 (webtiles) character file.

Game seed: 16516746186285802458

1389 mhtbhm the Grappler (level 8, -4/88 HPs)
             Began as a Troll Monk on July 4, 2022.
             Was a Priest of Trog.
             Slain by a deep troll (22 damage)
             ... in the Dungeon (Sprint I: "Red Sonja").
             The game lasted 00:01:42 (537 turns).

mhtbhm the Grappler (Troll Monk)                     Turns: 537, Time: 00:01:43

Health: -4/88      AC:  4    Str: 22    XL:     8   Next: 40%
Magic:  7/7        EV: 13    Int:  6    God:    Trog [***...]
Gold:   713        SH:  0    Dex: 12    Spells: 7/7 levels left

rFire   . . .      SeeInvis .     - Unarmed
rCold   . . .      Faith    .   (no shield)
rNeg    . . .      Spirit   .   a - +0 robe
rPois   .          Reflect  .   (helmet restricted)
rElec   .          Harm     .   (no cloak)
rCorr   .          Rampage  .   (gloves unavailable)
Will    .....      NoTele   +   (boots unavailable)
Stlth   ++........              (no amulet)
HPRegen 1.04/turn               (no ring)
MPRegen 0.10/turn               (no ring)

@: no status effects
A: large, unfitting armour, claws 3, regeneration 1, shaggy fur 1, tough skin 1
a: Renounce Religion, Berserk, Trog's Hand


You were in the Dungeon.
You worshipped Trog.
Trog was most pleased with you.
You visited 1 branch You collected 713 gold pieces.

Inventory:

Missiles
 l - 3 curare-tipped darts (quivered)
Armour
 a - a +0 robe (worn)
Wands
 g - a wand of polymorph (5)
 j - a wand of iceblast (17)
Scrolls
 h - a scroll of blinking
 m - a scroll of identify {unknown}
Potions
 b - a potion of ambrosia
 c - 3 potions of curing
 d - a potion of heal wounds
 e - a potion of berserk rage
 f - 2 potions of magic
 i - a potion of degeneration {unknown}
 k - a potion of brilliance {unknown}


   Skills:
 + Level 8.1 Fighting
 + Level 8.8 Dodging
 + Level 3.0 Stealth
 + Level 12.5 Unarmed Combat


You had 7 spell levels left.
You didn't know any spells.
Your spell library was empty.

Dungeon Overview and Level Annotations

Branches:
Dungeon (1/1)

Altars:
Cheibriados
Dithmenos
Elyvilon
Fedhas
Gozag
Hepliaklqana
Kikubaaqudgha
Makhleb
Nemelex Xobeh
Okawaru
Qazlal
Ru
Sif Muna
Trog
Uskayaw
Vehumet
Wu Jian
Xom
Yredelemnul
Zin
The Shining One
Jiyva
Lugonu

Shops:
D *?


Innate Abilities, Weirdness & Mutations

You are too large for most types of armour.
You have claws for hands.
Your natural rate of healing is unusually fast.
You are covered in fur. (AC +1)
You have tough skin. (AC +1)


Message History

You now have 632 gold pieces (gained 27).
You see here a +0 pair of boots.
j - a wand of iceblast (17) (gained 11 charges)
m - a scroll labelled SUMIXI HYPSICS You now have 659 gold pieces (gained 27).
You now have 686 gold pieces (gained 27).
You now have 713 gold pieces (gained 27).
c - 3 potions of curing (gained 1)
There is an open door here.
You see here a +2 short sword of venom.
You open the door.
A deep troll comes into view.
The deep troll shouts!
Found 108 gold pieces.
There is an open door here.
You claw the deep troll!
The deep troll is moderately wounded.
You scratch the deep troll but do no damage.
The deep troll is moderately wounded.
The deep troll bites you! The deep troll claws you.
The deep troll claws you but does no damage.
You barely miss the deep troll.
The deep troll is moderately wounded.
The deep troll bites you!! The deep troll barely misses you.
The deep troll closely misses you.
You scratch the deep troll but do no damage.
The deep troll is moderately wounded.
The deep troll bites you!! The deep troll claws you. The deep troll claws you!
* * * LOW HITPOINT WARNING * * *
You closely miss the deep troll.
The deep troll is lightly wounded.
The deep troll closely misses you. The deep troll claws you.
* * * LOW HITPOINT WARNING * * *
The deep troll barely misses you.
You claw the deep troll!
The deep troll is moderately wounded.
You scratch the deep troll.
The deep troll is moderately wounded.
The deep troll bites you!!
You die...

#..#####'#####'#__####...+
#..####..#...#(#### #####
#..#__####..##.#
#..#_____##'#_.+
#⌠⌠#_.∩...'..._#
####_..__##_.#'#
#_____###†#.#
############.####+###
#∩........'...@T$.$$+
###++++####.).#######
###.### #.#'#.# #.....#
#.[...# #######


You could see a deep troll.

Vanquished Creatures
  2 kobold demonologists (D)
  A slime creature (D)
  Sigmund (D)
  A yak (D)
  A basilisk (D)
  A floating eye (D)
  An ice beast (D)
  A jelly (D)
  Ijyb (D)
  A ballistomycete spore (D)
11 creatures vanquished.

Vanquished Creatures (others)
  A ballistomycete spore (D)
1 creature vanquished.

Grand Total: 12 creatures vanquished

Notes
Turn   | Place    | Note
-------+----------+-------------------------------------------
     0 | D        | mhtbhm the Troll Monk began the quest for the Orb.
     0 | D        | Reached XP level 1. HP: 22/22 MP: 0/0
     2 | D        | Noticed Ijyb
    17 | D        | Killed Ijyb
    18 | D        | Reached skill level 4 in Unarmed Combat
    18 | D        | Reached XP level 2. HP: 31/31 MP: 1/1
    64 | D        | Noticed an ogre
    68 | D        | Noticed an ice beast
    68 | D        | an ogre changed into an ice beast
    76 | D        | Killed an ice beast
    77 | D        | Reached skill level 5 in Dodging
    77 | D        | Reached skill level 6 in Unarmed Combat
    77 | D        | Reached XP level 3. HP: 26/40 MP: 2/2
    77 | D        | Reached XP level 4. HP: 32/49 MP: 3/3
    83 | D        | Noticed Sigmund
    87 | D        | Killed Sigmund
    88 | D        | Reached skill level 5 in Fighting
    88 | D        | Reached skill level 8 in Unarmed Combat
    88 | D        | Reached XP level 5. HP: 47/59 MP: 4/4
    88 | D        | Reached XP level 6. HP: 54/67 MP: 5/5
    94 | D        | Found a shimmering blue altar of Sif Muna.
    95 | D        | Found an ornate altar of the Wu Jian Council.
    96 | D        | Found a radiant altar of Vehumet.
   104 | D        | Found Nueruc's Magic Scroll Emporium.
   104 | D        | Found an ancient bone altar of Kikubaaqudgha.
   104 | D        | Found a hazy altar of Hepliaklqana.
   104 | D        | Found a stormy altar of Qazlal.
   104 | D        | Found a hide-covered altar of Uskayaw.
   104 | D        | Found a blossoming altar of Fedhas.
   104 | D        | Found a bloodstained altar of Trog.
   104 | D        | Found an iron altar of Okawaru.
   104 | D        | Found a basalt altar of Yredelemnul.
   104 | D        | Found a glowing golden altar of the Shining One.
   104 | D        | Found a snail-covered altar of Cheibriados.
   104 | D        | Found a sacrificial altar of Ru.
   104 | D        | Found a glowing silver altar of Zin.
   104 | D        | Found a shadowy altar of Dithmenos.
   104 | D        | Found a white marble altar of Elyvilon.
   104 | D        | Noticed a yak
   108 | D        | Killed a yak
   109 | D        | Reached skill level 9 in Unarmed Combat
   109 | D        | Found an opulent altar of Gozag.
   110 | D        | Found a sparkling altar of Nemelex Xobeh.
   114 | D        | Became a worshipper of Trog the Wrathful
   114 | D        | Reached * piety under Trog
   114 | D        | Reached ** piety under Trog
   317 | D        | Found a burning altar of Makhleb.
   317 | D        | Found a viscous altar of Jiyva.
   317 | D        | Found a shimmering altar of Xom.
   317 | D        | Found a corrupted altar of Lugonu.
   317 | D        | Noticed a slime creature
   323 | D        | Killed a slime creature
   324 | D        | Reached skill level 10 in Unarmed Combat
   324 | D        | Reached XP level 7. HP: 63/78 MP: 6/6
   340 | D        | Noticed a kobold demonologist
   341 | D        | Noticed a kobold demonologist
   342 | D        | Noticed a smoke demon
   349 | D        | Noticed a red devil
   349 | D        | Killed a kobold demonologist
   349 | D        | Reached *** piety under Trog
   350 | D        | Reached skill level 11 in Unarmed Combat
   353 | D        | Killed a kobold demonologist
   354 | D        | Reached skill level 12 in Unarmed Combat
   354 | D        | Reached XP level 8. HP: 88/88 MP: 7/7
   432 | D        | Noticed Sonja
   433 | D        | Noticed Sonja
   433 | D        | Sonja changed into Sonja the basilisk
   445 | D        | Killed Sonja the basilisk
   465 | D        | Found Gisyczamp's Assorted Antiques.
   529 | D        | Noticed a deep troll
   537 | D        | Slain by a deep troll

Illustrated notes

Levels and vault maps discovered:
D:        dungeon_sprint_1 [red_sonja_temple_1, red_sonja_temple_small_1]

Skill      XL: |  1  2  3  4  5  6  7  8 |
---------------+-------------------------+-----
Fighting       | 3 4 5 7 8 |  8.1
Dodging        | 3 5 6 7 8 |  8.8
Unarmed Combat | 4 6 8 10 12 | 12.5
Stealth        | 2 3 |  3.0

Action                   |  1- 3 |  4- 6 |  7- 9 || total
-------------------------+-------+-------+-------++-------
Melee: Unarmed           |    20 |    14 |    21 ||    55
       Punch             |     1 |     1 |     2 ||     4
Invok: Berserk           |       |       |     1 ||     1
Evoke: Wand              |     1 |       |     1 ||     2
  Use: Potion            |     2 |       |       ||     2
 Stab: Sleeping          |       |     1 |       ||     1
Armor: Robe              |     2 |     1 |     3 ||     6
Dodge: Dodged            |     7 |     4 |    10 ||    21

Table legend: (Time is in decaauts)
 A = Elapsed time spent in this place.
 B = Non-inter-level travel time spent in this place.
 C = Inter-level travel time spent in this place.
 D = Time resting spent in this place.
 E = Time spent auto-exploring this place.
 F = Levels seen in this place.
 G = Mean time per level.
                   A        B        C        D        E       F      G
               +--------+--------+--------+--------+--------+-----+--------+
         Total |    528 |    528 |      0 |    235 |      0 |   1 |  528.0 |
       Dungeon |    528 |    528 |      0 |    235 |      0 |   1 |  528.0 |
               +--------+--------+--------+--------+--------+-----+--------+

Top non-repeatable levels by time:
       D: 528 daAuts
